Map: Lightshade LE

Players

FishSangwich - Winner!

  • Race: Zerg Zerg
  • League: Master

CeramicBowl

  • Race: Zerg Zerg
  • League: Diamond

VOD

Have the link to the VOD?

Description

Time

  • Played on: Sept. 21, 2021, 9:53 p.m.
  • Length: 10:15
Show
View Real Time Build Order
Export as new Build Order

FishSangwich Zerg - Winner!

Build Orders: Pool First 

Get SALT Encoding   

  12  0:00  Drone  
  13  0:13  Overlord  
  13  0:19  Drone  
  14  0:24  Extractor  
  14  0:25  Drone, Extractor  
  13  0:30  Drone  
  16  0:36  Drone  
  17  0:48  Spawning Pool  
  16  0:50  Extractor  
  16  0:52  Drone  
  16  0:57  Drone  
  17  1:07  Drone  
  18  1:19  Drone  
  19  1:29  Drone  
  19  1:30  Hatchery  
  19  1:39  Queen  
  21  1:50  Metabolic Boost  
  21  1:53  Overlord  
  21  1:58  Drone  
  22  2:13  Zergling x4  
  25  2:27  Zergling x2  
  25  2:39  Zergling x2  
  25  2:48  Zergling x8  
  29  3:00  Zergling x2, Hatchery  
  29  3:07  Baneling Nest  
  29  3:09  Zergling x2  
  29  3:19  Overlord  
  29  3:29  Zergling x2  
  30  3:37  Queen  
  32  3:41  Zergling x6  
  35  4:02  Zergling x2  
  36  4:04  Zergling x4  
  38  4:10  Baneling  
  38  4:11  Baneling x4  
  33  4:49  Zergling x2  
  33  4:50  Zergling x10  
  37  4:59  Zergling x2  
  37  5:00  Zergling x4  
  35  5:13  Baneling x2  
  33  5:17  Zergling x2  
  33  5:18  Zergling x4  
  26  5:48  Zergling x14  
  33  5:50  Baneling x2  
  33  5:51  Baneling x4  
  33  6:02  Zergling x2  
  33  6:03  Zergling x2  
  35  6:17  Zergling x4  
  28  6:49  Zergling x12  
  28  6:50  Zergling x4  
  31  7:02  Hatchery  
  31  7:04  Zergling x2  
  31  7:05  Zergling x12  
  37  7:09  Baneling  
  32  7:35  Zergling x14  
  33  7:54  Zergling x10  
  33  7:55  Zergling x6  
  40  8:19  Zergling x2  
  41  8:20  Zergling x14  
  41  8:23  Queen  
  45  8:32  Zergling x6  
  45  8:33  Zergling x4  
  39  8:51  Zergling x14  
  39  8:52  Zergling x2  
  40  9:05  Zergling x12  
  40  9:09  Zergling x2  
  45  9:14  Zergling x4  
  39  9:38  Zergling x2  
  39  9:39  Zergling x12  
  43  9:48  Zergling x2  
  43  9:49  Zergling x2  
Show
View Real Time Build Order
Export as new Build Order

CeramicBowl Zerg 

Build Orders: Pool First 

Get SALT Encoding   

  12  0:19  Spawning Pool  
  11  0:21  Drone  
  11  0:26  Drone  
  13  0:31  Drone  
  14  0:40  Overlord  
  14  1:06  Zergling x6  
  14  1:08  Queen  
  19  1:18  Zergling x2  
  20  1:34  Zergling x2  
  20  1:36  Hatchery  
  20  1:40  Drone  
  21  1:59  Drone  
  22  2:01  Overlord  
  20  2:40  Drone x4  
  22  2:47  Drone  
  22  2:49  Extractor  
  21  2:51  Queen  
  21  2:52  Drone  
  21  2:58  Drone  
  25  3:03  Roach Warren  
  24  3:10  Drone x2, Zergling x2  
  27  3:24  Drone x4  
  27  3:25  Drone  
  32  3:32  Queen  
  32  3:33  Zergling x2  
  35  3:41  Evolution Chamber  
  34  3:45  Evolution Chamber  
  34  3:46  Roach  
  34  3:47  Overlord  
  34  3:48  Overlord  
  35  3:56  Extractor  
  35  3:57  Overlord  
  35  3:58  Overlord  
  34  4:07  Roach  
  34  4:08  Roach x2  
  40  4:26  Roach  
  40  4:27  Roach  
  35  4:47  Roach  
  35  4:49  Zergling x10  
  35  4:50  Zergling x6  
  28  5:16  Zergling x2, Roach  
  28  5:18  Queen  
  33  5:24  Queen  
  35  5:32  Roach  
  36  5:47  Roach  
  38  5:56  Roach  
  40  6:03  Roach  
  42  6:08  Roach  
  44  6:16  Metabolic Boost  
  44  6:28  Roach  
  44  6:30  Roach  
  40  6:55  Roach x3  
  40  6:58  Roach  
  48  7:05  Roach  
  50  7:21  Roach x2  
  51  7:30  Roach  
  51  7:32  Roach  
  39  7:45  Drone x2  
  41  7:58  Drone  
  41  8:04  Drone  
  43  8:05  Drone  
  44  8:22  Roach x2  
  44  8:26  Drone  
  30  8:39  Drone  
  27  8:56  Drone  
  23  9:11  Drone x2  
  25  9:29  Drone x2  
  27  9:31  Drone  
  28  9:41  Drone  
  29  9:58  Drone x2  
Tags
 
Add a new tag
Caveats
  • Supply blocks, unpowered buildings, or Contaminate may cause inaccurate times.
  • Supply counts are checked every 10 seconds.